 Dungeon Crawl Stone Soup version 0.29.1-2-gbd0b4ee654 (webtiles) character file.

Game seed: 1058968736667532646

7384 Anriel the Thaumaturge (level 10, 0/53 HPs)
             Began as a Deep Elf Conjurer on Oct 28, 2022.
             Was a Priest of Vehumet.
             Succumbed to a hornet's poison
             ... while paralysed by a hornet
             ... on level 9 of the Dungeon.
             The game lasted 01:06:02 (9730 turns).

Anriel the Thaumaturge (Deep Elf Conjurer)          Turns: 9730, Time: 01:06:03

Health: 0/53       AC:  8    Str:  4    XL:     10   Next: 92%
Magic:  26/36      EV:  2    Int: 28    God:    Vehumet [***...]
Gold:   338        SH:  0    Dex: 13    Spells: 17/32 levels left

rFire   . . .      SeeInvis .   u - staff of conjuration
rCold   + . .      Faith    .   r - orb {mayhem}
rNeg    . . .      Spirit   .   a - +1 robe
rPois   .          Reflect  .   m - +1 helmet
rElec   .          Harm     .   (no cloak)
rCorr   .          Rampage  .   c - +2 pair of gloves
Will    +....                   (no boots)
Stlth   +++.......              p - amulet of the acrobat
HPRegen 0.17/turn               f - ring of protection from cold
MPRegen 0.25/turn               k - ring of magical power

@: paralysed, lethally poisoned (0 -> -22), slowed
A: no striking features
a: Renounce Religion


You were on level 9 of the Dungeon.
You worshipped Vehumet.
Vehumet was most pleased with you.
You visited 2 branches of the dungeon, and saw 10 of its levels.
You also visited: Bailey.

You collected 338 gold pieces.

Inventory:

Hand Weapons
 b - the +6 flail of Map Xant {speed, rElec Int+3}
   (You found it on level 8 of the Dungeon)

   Attacks with this weapon are significantly faster.
   Int:       It affects your intelligence (+3).
   rElec:     It insulates you from electricity.
 h - a +4 dagger of speed
 q - a +1 vampiric dagger
 s - a +4 short sword
 z - a +0 rapier
Missiles
 t - 3 throwing nets
Armour
 a - a +1 robe (worn)
 c - a +2 pair of gloves (worn)
 m - a +1 helmet (worn)
 r - an orb of mayhem (worn)
Magical Staves
 n - a staff of poison
 u - a staff of conjuration (weapon)
Jewellery
 f - a ring of protection from cold (left hand)
 k - a ring of magical power (right hand)
 p - an amulet of the acrobat (around neck)
Wands
 y - a wand of flame (19)
Scrolls
 d - a scroll of enchant weapon
 g - 2 scrolls of fear
 l - 2 scrolls of amnesia
 w - 2 scrolls of teleportation
 x - a scroll of magic mapping
 B - a scroll of butterflies
Potions
 e - a potion of haste
 i - 5 potions of brilliance
 j - 3 potions of might
 o - a potion of berserk rage
 v - 3 potions of cancellation
 A - a potion of heal wounds {unknown}
 C - a potion of resistance {unknown}
 D - a potion of magic


   Skills:
 + Level 2.0 Fighting
 + Level 4.9 Short Blades
 * Level 10.9 Dodging
 + Level 6.4 Stealth
 + Level 11.9 Spellcasting
 + Level 9.8 Conjurations
 + Level 2.7 Hexes
 + Level 1.7 Translocations


You had 17 spell levels left.
You knew the following spells:

 Your Spells              Type           Power      Damage    Failure   Level
a - Magic Dart            Conj           100%       1d8       1%          1
b - Searing Ray           Conj           100%       2d8       1%          2
c - Slow                  Hex            100%       N/A       1%          1
d - Iskenderun's Mystic   Conj/Tloc      65%        2d13      1%          4
e - Vampiric Draining     Necr           16%        2d7       10%         3
f - Cause Fear            Hex            16%        N/A       11%         4

Your spell library contained the following spells:

 Spells                   Type           Power      Damage    Failure   Level
 Static Discharge         Conj/Air       60%        3-11/arc  1%          2
 Freeze                   Ice            64%        1d8       1%          1
 Dazzling Flash           Conj/Hex       100%       N/A       1%          3
 Inner Flame              Hex/Fire       24%        N/A       1%          3
 Fulminant Prism          Conj/Hex       33%        3d16      1%          4
 Ensorcelled Hibernation  Hex/Ice        48%        N/A       2%          2
 Necrotise                Necr           64%        1d7       3%          1
 Confusing Touch          Hex            32%        N/A       3%          3
 Freezing Cloud           Conj/Ice/Air   25%        6-21      7%          5
 Spider Form              Tmut/Pois      16%        N/A       10%         3
 Anguish                  Hex/Necr       12%        N/A       19%         4
 Agony                    Necr           16%        N/A       67%         5
 Simulacrum               Ice/Necr       8%         N/A       99%         6
 Discord                  Hex            16%        N/A       100%        8
 Polar Vortex             Ice            8%         N/A       100%        9


Dungeon Overview and Level Annotations

Branches:
Dungeon (9/15)             Temple (1/1) D:7          Bailey (visited)
   Lair: D:8-11         Orc: D:9-12

Altars:
Ashenzari
Cheibriados
Dithmenos
Elyvilon
Fedhas
Gozag
Hepliaklqana
Kikubaaqudgha
Makhleb
Nemelex Xobeh
Okawaru
Qazlal
Ru
Sif Muna
Trog
Uskayaw
Vehumet
Wu Jian
Xom
Yredelemnul
Zin
The Shining One

Shops:
D:3 :


Message History

Vehumet accepts your kill.
The hornet flies into a frenzy!
The hornet buzzes angrily.
The hornet closely misses the kobold demonologist. x2
The hornet buzzes angrily.
The kobold demonologist casts a spell.
The hornet stings the quasit!!
The quasit dies!
The quasit disappears in a puff of smoke!
The hornet stings the kobold demonologist!
The kobold demonologist seems to slow down.
The kobold demonologist is no longer moving slowly.
The hornet stings the kobold demonologist!
The kobold demonologist suddenly stops moving!
The hornet stings the kobold demonologist!!
The kobold demonologist dies!
Vehumet accepts your kill.
The quasit disappears in a puff of smoke!
The hornet misses you.
Casting: Searing Ray (safe; 1% risk of failure)
Confirm with . or Enter, or press ? or * to list all spells.
You feel a surge of power!
You erupt in a blast of force!
The mystic blast hits the hornet!
The hornet is moderately wounded.
The hornet is knocked back by the mystic blast.
The hornet slams into the rock wall!
The hornet is heavily wounded.
You feel yourself speed up. The hornet stings you!
You are poisoned.
You suddenly lose the ability to move!
The hornet stings you.
You feel yourself slow down. The hornet stings you!!
You feel as though you will be slow longer.
You feel very sick.
The hornet stings you but does no damage.
The hornet stings you!
* * * LOW HITPOINT WARNING * * *
You are more poisoned.
You shrug off the repeated paralysis!
You die...

##...###,,***,,,,*,,,*,**,*******
###...###,,,,,,,*,*,*,**,*
###...####,,,,*,*,*,**,*
##..†..###,,***,*,,*,*
####..###...###,,,,*,,,,*
#......####...###,,*,#*,*
###.####.######...###..#*,*******
....####...#####.......#*,,,,,,,*
...........#....@y##.§.#*,,,,,,,*
...####................#*,,,,,,,*
..........##......####.#*,,,,,,,*
...###....##......# *,,,,,,,,,,*
...# #....##......# ****,,,,,,,*
##.# #....##......# *,,,,,,,* #.#
#.#.###......# *,,,,,,,* #.#
#.#.# #......# *,,,,,,,* #.#
#.#.# #......# *,,,,,,,*


You could see a neutral hornet (fast, strong, insane).

Vanquished Creatures
  A two-headed ogre (Bailey)
  Amaemon (D:8)
  An orange demon (D:8)
  2 hornets
  5 spriggans (Bailey)
  A wraith (D:9)
  A wyvern (D:9)
  3 steam dragons
  Menkaure (D:4)
  2 water moccasins (D:6)
  An ice beast (D:5)
  2 orc warriors
  A black bear (D:8)
  5 ogres
  3 centaurs
  A phantom (D:5)
  A kobold brigand (D:7)
  3 bullfrogs
  A gnoll sergeant (D:8)
  4 scorpions
  2 necrophages
  4 wights (D:8)
  3 howler monkeys
  A hound (D:6)
  2 gnoll boudas
  2 jellies
  8 orc priests
  An iguana (D:6)
  10 orc wizards
  14 gnolls
  4 adders
  A shadow imp (D:7)
  A white imp (D:6)
  2 ufetubi
  A worm (D:2)
  3 dart slugs
  32 orcs
  3 endoplasms
  5 giant cockroaches
  A goblin (D:4)
  3 hobgoblins
  6 quokkas
  3 ball pythons
  7 bats
  11 kobolds
  3 rats (D:1)
173 creatures vanquished.

Vanquished Creatures (collateral kills)
  A kobold demonologist (D:9)
  A spriggan (Bailey)
  A water moccasin (D:8)
  An ogre (Bailey)
  A necrophage (D:4)
  An orc priest (D:8)
  A gnoll bouda (D:8)
  An iguana (D:6)
  9 gnolls
  4 orcs (D:8)
  A quokka (D:4)
22 creatures vanquished.

Vanquished Creatures (others)
  An orc (D:8)
1 creature vanquished.

Grand Total: 196 creatures vanquished

Notes
Turn   | Place    | Note
-------+----------+-------------------------------------------
     0 | D:1      | Anriel the Deep Elf Conjurer began the quest for the Orb.
     0 | D:1      | Reached XP level 1. HP: 10/10 MP: 6/6
   314 | D:1      | Reached XP level 2. HP: 15/15 MP: 4/8
   475 | D:1      | Learned a level 2 spell: Searing Ray
   554 | D:1      | Reached skill level 5 in Conjurations
  1196 | D:1      | Reached XP level 3. HP: 19/19 MP: 7/9
  1438 | D:2      | Found a faded altar of an unknown god.
  1445 | D:2      | Got Plato's Quarto of the Blizzard
  2411 | D:3      | Found an ancient bone altar of Kikubaaqudgha.
  2477 | D:3      | Found Ynelaerch's Book Shoppe.
  2700 | D:3      | Learned a level 1 spell: Slow
  2950 | D:4      | Reached XP level 4. HP: 24/24 MP: 4/11
  3091 | D:4      | Reached skill level 1 in Short Blades
  3091 | D:4      | Reached XP level 5. HP: 28/28 MP: 6/12
  3097 | D:4      | Reached skill level 4 in Spellcasting
  3394 | D:4      | Reached XP level 6. HP: 31/32 MP: 7/14
  3573 | D:4      | Noticed Menkaure
  3592 | D:4      | Killed Menkaure
  3593 | D:4      | Reached skill level 5 in Spellcasting
  3726 | D:4      | Reached XP level 7. HP: 36/36 MP: 15/17
  3895 | D:5      | Entered Level 5 of the Dungeon
  4266 | D:5      | Noticed a fire elemental
  4268 | D:5      | Found a stormy altar of Qazlal.
  4272 | D:5      | Noticed a water elemental
  4272 | D:5      | Noticed an air elemental
  4297 | D:5      | You fall into a shaft and drop 1 floor!
  4326 | D:6      | Noticed a steam dragon
  4457 | D:6      | Learned a level 4 spell: Iskenderun's Mystic Blast
  4461 | D:6      | Learned a level 3 spell: Vampiric Draining
  4537 | D:6      | Reached skill level 5 in Dodging
  4537 | D:6      | Reached skill level 6 in Spellcasting
  4709 | D:6      | Reached skill level 1 in Hexes
  4767 | D:6      | Reached skill level 1 in Fighting
  4865 | D:5      | Reached XP level 8. HP: 43/43 MP: 13/20
  4978 | D:5      | Reached skill level 7 in Spellcasting
  5260 | D:6      | Reached skill level 5 in Stealth
  5496 | D:6      | Reached skill level 8 in Spellcasting
  5690 | D:6      | HP: 2/43 [poisoned by a water moccasin]
  6096 | D:6      | Found a glowing silver altar of Zin.
  6096 | D:6      | Found a sacrificial altar of Ru.
  6302 | D:7      | Found a staircase to the Ecumenical Temple.
  6313 | D:7      | Learned a level 4 spell: Cause Fear
  6347 | Temple   | Entered the Ecumenical Temple
  6556 | Temple   | Became a worshipper of Vehumet
  6660 | D:7      | Found a hazy altar of Hepliaklqana.
  6709 | D:7      | Reached XP level 9. HP: 47/47 MP: 19/23
  7131 | D:7      | Reached * piety under Vehumet
  7131 | D:7      | Offered knowledge of Shock by Vehumet.
  7215 | D:7      | Found an ornate altar of the Wu Jian Council.
  7551 | D:8      | Noticed an orange demon
  7553 | D:8      | Noticed Amaemon
  7562 | D:8      | Killed an orange demon
  7563 | D:8      | Reached skill level 9 in Spellcasting
  7570 | D:8      | Killed Amaemon
  7571 | D:8      | Reached skill level 1 in Translocations
  7595 | D:8      | Identified the +6 flail of Map Xant {speed, rElec Int+3}
  8047 | D:8      | Reached skill level 10 in Spellcasting
  8047 | D:8      | Reached XP level 10. HP: 53/53 MP: 11/26
  8060 | D:8      | Reached ** piety under Vehumet
  8150 | D:8      | Offered knowledge of Sandblast by Vehumet.
  8635 | D:9      | Found a flagged portal.
  8645 | Bailey   | Entered a bailey
  9008 | Bailey   | Noticed a two-headed ogre
  9015 | Bailey   | Offered knowledge of Static Discharge by Vehumet.
  9016 | Bailey   | Reached skill level 10 in Dodging
  9024 | Bailey   | Killed a two-headed ogre
  9025 | Bailey   | Reached skill level 11 in Spellcasting
  9164 | Bailey   | HP: 2/53 [spriggan/+0 spear (15)]
  9689 | D:9      | Reached *** piety under Vehumet
  9728 | D:9      | Paralysed by a hornet for 3 turns
  9730 | D:9      | Succumbed to a hornet's poison

Illustrated notes

Levels and vault maps discovered:
D:1:      dpeg_arrival_central, layout_basic
D:2:      layout_basic, shapermc_ecumenical_altar_rom_forum
D:3:      layout_basic, lemuel_tele_altar, serial_shops, shop,
          hangedman_decor_clover_reticule
D:4:      layout_loops_ring, serial_bayou_pond_b, uniq_menkaure
D:5:      layout_cave_pools, nicolae_qazlal_style_of_elements, amethyst_killhole
D:6:      layout_basic, gammafunk_temple_overflow_wave
D:7:      layout_gridville, kennysheep_little_box,
          nicolae_hepliaklqana_hippocampus, minmay_temple_entry_crystal_x,
          st_stairs_2, hangedman_abyss_or_decor_jellyfish_corner
D:8:      layout_loops_ring, minmay_orc_keep, uniq_amaemon
D:9:      minmay_the_grid_triangle_9x9_rhombus_thin
          [minmay_the_grid_triangle_9x9_steps,
          minmay_the_grid_triangle_9x9_prize_center,
          minmay_the_grid_triangle_9x9_intruding_spiral,
          minmay_the_grid_triangle_9x9_dagger], layout_basic, enter_bailey_2,
          uniq_psyche
Temple:   eino_temple_scatter_basement

Skill      XL: |  1  2  3  4  5  6  7  8  9 10 |
---------------+-------------------------------+-----
Conjurations   | 5 6 7 8 9 |  9.8
Dodging        | 3 4 5 6 9 10 | 10.9
Stealth        | 3 4 5 6 |  6.4
Short Blades   | 1 3 4 |  4.9
Spellcasting   | 4 5 6 8 10 11 | 11.9
Hexes          | 1 2 |  2.7
Fighting       | 1 2 |  2.0
Translocations | 1 |  1.7

Action                   |  1- 3 |  4- 6 |  7- 9 | 10-12 || total
-------------------------+-------+-------+-------+-------++-------
Melee: Dagger            |     5 |       |    79 |       ||    84
       Short sword       |    16 |    10 |       |       ||    26
       Staff             |       |       |     2 |       ||     2
Throw: Throwing net      |       |       |     1 |       ||     1
 Cast: Magic Dart        |    49 |    16 |   113 |    36 ||   214
       Searing Ray       |     5 |     8 |    43 |    21 ||    77
       Slow              |       |     2 |     8 |       ||    10
       Iskenderun's Myst |       |       |     8 |    10 ||    18
       Vampiric Draining |       |       |     1 |     2 ||     3
  Use: Scroll            |       |       |    18 |     7 ||    25
       Potion            |       |       |     3 |     2 ||     5
 Stab: Sleeping          |       |       |     2 |       ||     2
Armor: Robe              |    11 |     4 |    39 |     4 ||    58
Dodge: Dodged            |     7 |     6 |   122 |    67 ||   202
